 Dungeon Crawl Stone Soup version 0.26-b1-32-g5d43845 (webtiles) character file.

Game seed: 6005126533339314949

35 taqueso the Charlatan (level 3, -1/20 HPs)
             Began as a Deep Elf Artificer on Jan 10, 2021.
             Killed by nerve-wracking pain
             ... invoked by Jessica
              (6 damage)
             ... on level 2 of the Dungeon.
             The game lasted 00:06:54 (2220 turns).

taqueso the Charlatan (Deep Elf Artificer)          Turns: 2220, Time: 00:06:54

Health: -1/20      AC:  3    Str:  9    XL:     3   Next: 17%
Magic:  5/5        EV: 12    Int: 16    God:
Gold:   27         SH:  0    Dex: 15    Spells: 2/2 levels left

rFire    . . .     SeeInvis .   a - +0 club
rCold    . . .     Faith    .   (no shield)
rNeg     . . .     Spirit   .   b - +0 leather armour
rPois    .         Reflect  .   (no helmet)
rElec    .         Harm     .   (no cloak)
rCorr    .         Rampage  .   (no gloves)
Will     .....                  (no boots)
Stlth    ++........             (no amulet)
HPRegen  0.06/turn              (no ring)
MPRegen  0.09/turn              (no ring)

@: no status effects
A: no striking features
a: no special abilities


You were on level 2 of the Dungeon.
You visited 1 branch of the dungeon, and saw 2 of its levels.

You collected 27 gold pieces.

Inventory:

Hand Weapons
 a - a +0 club (weapon)
Missiles
 h - 39 stones (quivered)
Armour
 b - a +0 leather armour (worn)
Wands
 d - a wand of enslavement (14)
 e - a wand of random effects (13)
Scrolls
 f - 2 scrolls of teleportation {unknown}
Potions
 g - a potion of curing {unknown}


   Skills:
 - Level 0.7 Fighting
 + Level 2.1 Maces & Flails
 - Level 0.7 Armour
 - Level 2.4 Dodging
 - Level 1.2 Stealth
 - Level 3.2 Evocations


You had 2 spell levels left.
You didn't know any spells.
Your spell library was empty.

Dungeon Overview and Level Annotations

Branches:
Dungeon (2/15)

Altars:

Annotations:
D:2 Jessica


Message History

Aim: Jessica, wielding a -2 club and wearing a +0 robe (severely wounded, fast, unusually resistant, 29% to evade)
The puff of flame misses Jessica.
Jessica casts a spell at you. Pain shoots through your body!
Ouch! That really hurt!
* * * LOW HITPOINT WARNING * * *
The rat bites you.
* * * LOW HITPOINT WARNING * * *
Evoke which item? (* to show all) (? for menu, Esc to quit)
Aiming: Throw Flame
Press: ? - help, Shift-Dir - straight line, f/p - Jessica
Aim: Jessica, wielding a -2 club and wearing a +0 robe (severely wounded, fast, unusually resistant, 29% to evade)
The puff of flame hits Jessica.
Jessica resists.
Jessica is almost dead.
The now-empty wand crumbles to dust.
Jessica grins evilly.
Jessica hits you but does no damage. The rat closely misses you.
Jessica casts a spell at you. Pain shoots through your body!
You die...

## ### ..# #.. ##.#
#.###..# #......#
#########..##..#
......@@r......#
########.#.#...#
#.#.#...# ###########
#.#.#...# #.........#
#...#...# .#.........#
#.#.#...####
...........#
#.#<.......#
...........#
#.#......###
...........####.#...#.##


You could see Jessica (fast, resistant) and a rat.

Vanquished Creatures
  3 bats (D:1)
  A giant cockroach (D:1)
  4 goblins (D:1)
  9 hobgoblins
  2 jackals (D:1)
  4 kobolds (D:1)
  2 frilled lizards (D:1)
  4 rats (D:1)
29 creatures vanquished.

Vanquished Creatures (collateral kills)
  A dart slug (D:2)
1 creature vanquished.

Grand Total: 30 creatures vanquished

Notes
Turn   | Place    | Note
-------+----------+-------------------------------------------
     0 | D:1      | taqueso the Deep Elf Artificer began the quest for the Orb.
     0 | D:1      | Reached XP level 1. HP: 11/11 MP: 3/3
   132 | D:1      | Reached skill level 1 in Maces & Flails
   153 | D:1      | Reached XP level 2. HP: 9/16 MP: 4/4
  1266 | D:1      | Reached XP level 3. HP: 16/20 MP: 5/5
  2199 | D:2      | Noticed Jessica
  2220 | D:2      | Killed from afar by Jessica

Illustrated notes

Levels and vault maps discovered:
D:1:      evilmike_arrival_hilbert_curve, layout_basic
D:2:      layout_basic, nicolae_overflow_crystal_walls,
          chequers_ecumenical_altar_simple_redux, uniq_jessica

Skill      XL: |  1  2 |
---------------+-------+-----
Maces & Flails | 1 2 |  2.1
Fighting       | |  0.7
Armour         | |  0.7
Dodging        | |  2.4
Stealth        | |  1.2
Evocations     | |  3.2

Action                   || total
-------------------------++-------
Melee: Club              ||    84
Throw: Stone             ||    32
Evoke: Wand              ||    18
  Use: Potion            ||     2
 Stab: Confused          ||     1
       Sleeping          ||     1
Armor: Leather armour    ||    27
Dodge: Dodged            ||    59
